 Dungeon Crawl Stone Soup version 0.20-a0-958-g783e32d (webtiles) character file.

23 M4edhros the Grave Robber (level 3, 0/21 HPs)
             Began as an Octopode Necromancer on Apr 6, 2017.
             Slain by a goblin
             ... wielding a +0 dagger
              (2 damage)
             ... on level 2 of the Dungeon.
             The game lasted 00:01:49 (270 turns).

M4edhros the Grave Robber (Octopode Necromancer)     Turns: 270, Time: 00:01:50

Health: 0/21       AC:  1    Str:  7    XL:     3   Next: 0%
Magic:  2/6        EV: 13    Int: 17    God:
Gold:   15         SH:  0    Dex: 13    Spells: 1/6 levels left

rFire    . . .     SeeInvis .   (no weapon)
rCold    . . .     Gourm    .   (no shield)
rNeg     . . .     Faith    .   (helmet restricted)
rPois    .         Spirit   .   (no amulet)
rElec    .         Reflect  .   (no ring)
rCorr    .         Harm     .   (no ring)
MR       .....                  (no ring)
Stlth    +++.......             (no ring)
Regen    0.1/turn               (no ring)
MPRegen  0.1/turn               (no ring)
                                (no ring)
                                (no ring)

@: no status effects
A: almost no armour, stealthy swim, amphibious, 8 rings, constrict 8, camouflage
1, gelatinous body 1
a: no special abilities


You were on level 2 of the Dungeon.
You were not hungry.

You visited 1 branch of the dungeon, and saw 2 of its levels.

You collected 15 gold pieces.

Inventory:

Scrolls
 d - 2 scrolls of enchant weapon {unknown}
 e - a scroll of immolation {unknown}
 g - a scroll of recharging {unknown}
Potions
 c - 2 potions of curing {unknown}
 h - a potion of magic {unknown}
Books
 a - a book of Necromancy

   Spells                             Type                      Level
   a - Pain                           Necromancy                   1
   b - Animate Skeleton               Necromancy                   1
   c - Vampiric Draining              Necromancy                   3
   d - Regeneration                   Charms/Necromancy            3
   e - Animate Dead                   Necromancy                   4
   f - Control Undead                 Necromancy                   4
Comestibles
 b - a bread ration
 f - 10 chunks of flesh


   Skills:
 + Level 2.0 Dodging
 + Level 2.8 Stealth
 + Level 0.4 Unarmed Combat
 + Level 2.2 Spellcasting
 + Level 4.5 Necromancy


You had one spell level left.
You knew the following spells:

 Your Spells              Type           Power        Failure   Level  Hunger
a - Pain                  Necr           ###.         2%          1    #......
b - Animate Skeleton      Necr           N/A          2%          1    #......
c - Regeneration          Chrm/Necr      #.........   24%         3    ###....


Dungeon Overview and Level Annotations

Branches:
Dungeon (2/15)

Altars:


Innate Abilities, Weirdness & Mutations

You cannot wear most types of armour.
You are very stealthy in the water. (Stealth+)
You are amphibious.
You can wear up to eight rings at the same time.
You can use your tentacles to constrict eight enemies at once.
Your skin changes colour to match your surroundings (Stealth+).
Your rubbery body absorbs attacks. (AC +1, EV +1)


Message History

Found 21 sling bullets.
You see here 21 sling bullets.
Found an amethyst potion.
Found 10 stones.
A goblin comes into view. It is wielding a dagger.
h - an amethyst potion The goblin shouts!
Your magical contamination has completely faded away.
You tentacle-slap the goblin but do no damage.
You grab the goblin. You constrict the goblin.
The goblin hits you with a dagger.
* * * LOW HITPOINT WARNING * * *
Casting: Regeneration
Confirm with . or Enter, or press ? or * to list all spells.
Aiming: Pain
Press: ? - help, Shift-Dir - straight line, f - goblin
Aim: a goblin, wielding a dagger (moderately wounded, constricted by you, chance to defeat MR: 87%)
The goblin writhes in agony!
You constrict the goblin. The goblin hits you with a dagger.
You die...

#.# #.# #.# #.# #.# #.# #.#
#.# #.# #.# #.# #.### #.#
.#†.# ####g#
#.#.#########.##@##########
#(#......(...#........(...#
#.###########.#..########.#
#.# ..............# #..
......#.#####.# ###
..######.# . #.. ####


You could see a goblin.

Vanquished Creatures
  2 dart slugs (D:1)
  A leopard gecko (D:1)
  A giant cockroach (D:1)
  2 goblins (D:1)
  3 hobgoblins
  2 jackals (D:1)
  A kobold (D:1)
  A rat (D:1)
13 creatures vanquished.

Vanquished Creatures (collateral kills)
  An ooze (D:1)
  A jackal (D:1)
2 creatures vanquished.

Grand Total: 15 creatures vanquished

Notes
Turn   | Place    | Note
-------+----------+-------------------------------------------
     0 | D:1      | M4edhros the Octopode Necromancer began the quest for the Orb.
     0 | D:1      | Reached XP level 1. HP: 11/11 MP: 3/3
    15 | D:1      | Learned a level 1 spell: Animate Skeleton
    57 | D:1      | Reached XP level 2. HP: 10/17 MP: 1/5
   230 | D:2      | Reached XP level 3. HP: 6/21 MP: 2/6
   235 | D:2      | Learned a level 3 spell: Regeneration
   270 | D:2      | Slain by a goblin

Vault maps used:
D:1:      matt_arrival_grand_opening, lexackson_kobold_supper
D:2:      lemuel_zombie_altar_kikubaaqudgha, chequers_ecumenical_altar_island,
          kennysheep_slug_shrine, uniq_terence

Action                   || total
-------------------------++-------
Melee: Unarmed           ||    37
       Constrict         ||    10
       Tentacles         ||     3
 Cast: Pain              ||     8
       Animate Skeleton  ||     5
Dodge: Dodged            ||    27
